MLB
TORONTO BLUE JAYS @ CLEVELAND GUARDIANS
08/23/2041
 
TOP OF THE 1ST
Toronto Blue Jays batting - Pitching for Cleveland Guardians : RHP Mario Medina
Pitching: RHP Mario Medina
Batting: RHB Joe Lindsay 0-0: Called Strike
0-1: Ball
1-1: Ball
2-1: Fly out, F7 (Flyball, 78D, EV 99.4 MPH)
Batting: RHB Jeremy Baker 0-0: Foul Ball, location: 7LDF
0-1: Swinging Strike
0-2: Ground out 1-3 (Groundball, 15S, EV 65.0 MPH)
Batting: LHB Brad Hart 0-0: Called Strike
0-1: DOUBLE (Flyball, 89D, EV 106.9 MPH)
Batting: RHB José Gutiérrez 0-0: Ball
1-0: Called Strike
1-1: Fly out, F6 (Popup, 4S, EV 86.9 MPH)
Top of the 1st over - 0 runs, 1 hit, 0 errors, 1 left on base; Toronto 0 - Cleveland 0
BOTTOM OF THE 1ST
Cleveland Guardians batting - Pitching for Toronto Blue Jays : RHP Adrián Hernández
Pitching: RHP Adrián Hernández
Batting: LHB José Consiglio 0-0: Called Strike
0-1: Called Strike
0-2: Foul Ball, location: 9LMFF
0-2: Fly out, F7 (Flyball, 78M, EV 74.4 MPH)
Batting: RHB José Rodríguez 0-0: Called Strike
0-1: DOUBLE (Line Drive, 78M, EV 101.3 MPH)
Batting: RHB Jeff Jacobs 0-0: Foul Ball, location: 3DF
0-1: Ground out 1-3 (Groundball, 15S, EV 70.6 MPH)
Batting: LHB Jesús Garza 0-0: Foul Ball, location: 2F
0-1: Ball
1-1: Called Strike
1-2: Ball
2-2: Ball
3-2: SINGLE (Groundball, 4MD, EV 98.8 MPH)
José Rodríguez to third
Runner from 3rd tries for Home, SAFE, throw by CF to home
Batting: SHB Kevin Brackett 0-0: Called Strike
0-1: SINGLE (Flyball, 6MD, EV 95.0 MPH)
Jesús Garza to second
Batting: LHB Stan Walton 0-0: Ground out 3-1 (Groundball, 34S, EV 77.5 MPH)
Bottom of the 1st over - 1 run, 3 hits, 0 errors, 2 left on base; Toronto 0 - Cleveland 1
TOP OF THE 2ND
Toronto Blue Jays batting - Pitching for Cleveland Guardians : RHP Mario Medina
Batting: LHB Robby Mirkovic 0-0: Ball
1-0: Ball
2-0: Fly out, F4 (Line Drive, 4, EV 71.9 MPH)
Batting: RHB Orestes Grado 0-0: Called Strike
0-1: Fly out, F8 (Flyball, 8RD, EV 103.8 MPH)
Batting: LHB Tony Hutchinson 0-0: Called Strike
0-1: Foul Ball, location: 2F
0-2: Strikes out swinging
Top of the 2nd over - 0 runs, 0 hits, 0 errors, 0 left on base; Toronto 0 - Cleveland 1
BOTTOM OF THE 2ND
Cleveland Guardians batting - Pitching for Toronto Blue Jays : RHP Adrián Hernández
Batting: RHB Jorge Velázquez 0-0: Ball
1-0: Ball
2-0: Foul Ball, location: 3F
2-1: Foul Ball, location: 2F
2-2: Ball
3-2: Strikes out looking
Batting: LHB Juan Morales 0-0: Called Strike
0-1: Ball
1-1: Ball
2-1: Ball
3-1: SINGLE (Groundball, 3D, EV 103.8 MPH)
Batting: SHB Tim Webster 0-0: Swinging Strike
0-1: Ball
1-1: Swinging Strike
1-2: Strikes out looking
Batting: LHB José Consiglio 0-0: Ball
1-0: Ball
2-0: Ball
3-0: Called Strike
3-1: Foul Ball, location: 9LMF
3-2: Foul Ball, location: 2F
3-2: Strikes out swinging
Bottom of the 2nd over - 0 runs, 1 hit, 0 errors, 1 left on base; Toronto 0 - Cleveland 1
TOP OF THE 3RD
Toronto Blue Jays batting - Pitching for Cleveland Guardians : RHP Mario Medina
Batting: SHB Joe Hall 0-0: Called Strike
0-1: Called Strike
0-2: Foul Ball, location: 3F
0-2: TRIPLE (Flyball, 8RXD, EV 90.6 MPH)
Batting: SHB José Mora 0-0: Called Strike
0-1: Fly out, F3 (Popup, 23F, EV 93.8 MPH)
Batting: RHB Joe Lindsay 0-0: Ground out 6-3 (Groundball, 6, EV 65.6 MPH)
Batting: RHB Jeremy Baker 0-0: Called Strike
0-1: Called Strike
0-2: Ball
1-2: Foul Ball, location: 5SF
1-2: Ball
2-2: Ground out 4-3 (Groundball, 4MS, EV 77.5 MPH)
Top of the 3rd over - 0 runs, 1 hit, 0 errors, 1 left on base; Toronto 0 - Cleveland 1
BOTTOM OF THE 3RD
Cleveland Guardians batting - Pitching for Toronto Blue Jays : RHP Adrián Hernández
Batting: RHB José Rodríguez 0-0: Ball
1-0: Ground out 6-3 (Groundball, 6, EV 100.0 MPH)
Batting: RHB Jeff Jacobs 0-0: Ball
1-0: Ball
2-0: SOLO HOME RUN (Flyball, 78XD, EV 101.9 MPH), Distance : 403 ft
Batting: LHB Jesús Garza 0-0: Called Strike
0-1: Ground out 4-3 (Groundball, 4, EV 88.1 MPH)
Batting: SHB Kevin Brackett 0-0: Ball
1-0: Foul Ball, location: 2F
1-1: Foul Ball, location: 25F
1-2: Foul Ball, location: 2F
1-2: SOLO HOME RUN (Flyball, 7D, EV 98.8 MPH), Distance : 383 ft
Batting: LHB Stan Walton 0-0: Ball
1-0: SINGLE (Line Drive, 8RS, EV 105.0 MPH)
Batting: RHB Jorge Velázquez 0-0: Swinging Strike
0-1: Foul Ball, location: 7LSFF
0-2: SINGLE (Groundball, 6MD, EV 103.8 MPH)
Stan Walton to second
Throwing error, E8
Stan Walton scores
Jorge Velázquez to second
Batting: LHB Juan Morales 0-0: Called Strike
0-1: Ball
1-1: Swinging Strike
1-2: Foul Ball, location: 7LDF
1-2: Strikes out looking
Bottom of the 3rd over - 3 runs, 4 hits, 1 error, 1 left on base; Toronto 0 - Cleveland 4
TOP OF THE 4TH
Toronto Blue Jays batting - Pitching for Cleveland Guardians : RHP Mario Medina
Batting: LHB Brad Hart 0-0: Called Strike
0-1: Fly out, F8 (Flyball, 8LM, EV 83.8 MPH)
Batting: RHB José Gutiérrez 0-0: Ball
1-0: Ground out 5-3 (Groundball, 5, EV 90.6 MPH)
Batting: LHB Robby Mirkovic 0-0: Ball
1-0: Ground out 4-3 (Groundball, 4, EV 88.8 MPH)
Top of the 4th over - 0 runs, 0 hits, 0 errors, 0 left on base; Toronto 0 - Cleveland 4
BOTTOM OF THE 4TH
Cleveland Guardians batting - Pitching for Toronto Blue Jays : RHP Adrián Hernández
Batting: SHB Tim Webster 0-0: Called Strike
0-1: Foul Ball, location: 9LMF
0-2: Ball
1-2: Foul Ball, location: 25F
1-2: SINGLE (Groundball, 34D, EV 100.0 MPH)
Batting: LHB José Consiglio 0-0: Swinging Strike
0-1: Ground out 6-3 (Groundball, 6M, EV 88.1 MPH)
Tim Webster to second
Batting: RHB José Rodríguez 0-0: Ball
1-0: Ball
2-0: Foul Ball, location: 2F
2-1: Ball
3-1: Swinging Strike
3-2: Strikes out swinging
Batting: RHB Jeff Jacobs 0-0: Swinging Strike
0-1: Swinging Strike
0-2: Ball
1-2: Ball
2-2: Strikes out swinging
Bottom of the 4th over - 0 runs, 1 hit, 0 errors, 1 left on base; Toronto 0 - Cleveland 4
TOP OF THE 5TH
Toronto Blue Jays batting - Pitching for Cleveland Guardians : RHP Mario Medina
Batting: RHB Orestes Grado 0-0: Foul Ball, location: 9LSF
0-1: Foul Ball, location: 23F
0-2: Ball
1-2: Foul Ball, location: 2F
1-2: Ball
2-2: Foul Ball, location: 2F
2-2: Ground out U3 (Groundball, 34, EV 105.0 MPH)
Batting: LHB Tony Hutchinson 0-0: Ball
1-0: Called Strike
1-1: Swinging Strike
1-2: Strikes out looking
Batting: SHB Joe Hall 0-0: Foul Ball, location: 2F
0-1: Ball
1-1: SINGLE (Groundball, 4D, EV 103.1 MPH)
Batting: SHB José Mora 0-0: Foul Ball, location: 9LSF
0-1: Fly out, F8 (Flyball, 8RD, EV 93.8 MPH)
Top of the 5th over - 0 runs, 1 hit, 0 errors, 1 left on base; Toronto 0 - Cleveland 4
BOTTOM OF THE 5TH
Cleveland Guardians batting - Pitching for Toronto Blue Jays : RHP Adrián Hernández
Batting: LHB Jesús Garza 0-0: Ball
1-0: Foul Ball, location: 2RF
1-1: Fly out, F8 (Flyball, 8RM, EV 88.8 MPH)
Batting: SHB Kevin Brackett 0-0: Ball
1-0: Ball
2-0: Ball
3-0: Base on Balls
Batting: LHB Stan Walton 0-0: Called Strike
0-1: Ball
1-1: Swinging Strike
1-2: Fly out, F7 (Flyball, 7LM, EV 78.8 MPH)
Batting: RHB Jorge Velázquez 0-0: Foul Ball, location: 9LDF
0-1: Ball
1-1: Ball
2-1: SINGLE (Line Drive, 5D, EV 99.4 MPH)
Kevin Brackett to second
Batting: LHB Juan Morales 0-0: Called Strike
0-1: Called Strike
0-2: Ball
1-2: Strikes out swinging
Bottom of the 5th over - 0 runs, 1 hit, 0 errors, 2 left on base; Toronto 0 - Cleveland 4
TOP OF THE 6TH
Toronto Blue Jays batting - Pitching for Cleveland Guardians : RHP Mario Medina
Batting: RHB Joe Lindsay 0-0: Ball
1-0: Foul Ball, location: 7LSF
1-1: Foul Ball, location: 9LMF
1-2: Ball
2-2: Strikes out swinging
Batting: RHB Jeremy Baker 0-0: Called Strike
0-1: Called Strike
0-2: Strikes out swinging
Batting: LHB Brad Hart 0-0: Called Strike
0-1: Foul Ball, location: 2F
0-2: Strikes out looking
Top of the 6th over - 0 runs, 0 hits, 0 errors, 0 left on base; Toronto 0 - Cleveland 4
BOTTOM OF THE 6TH
Cleveland Guardians batting - Pitching for Toronto Blue Jays : RHP Adrián Hernández
Batting: SHB Tim Webster 0-0: Called Strike
0-1: Ball
1-1: Ball
2-1: Swinging Strike
2-2: Foul Ball, location: 9LDF
2-2: Strikes out swinging
Batting: LHB José Consiglio 0-0: Ball
1-0: Called Strike
1-1: Swinging Strike
1-2: Ball
2-2: Ball
3-2: Foul Ball, location: 2F
3-2: DOUBLE (Line Drive, 89D, EV 111.3 MPH)
Batting: RHB José Rodríguez 0-0: Ball
1-0: Foul Ball, location: 3F
1-1: Called Strike
1-2: SINGLE (Line Drive, 6D, EV 98.1 MPH)
José Consiglio to third
Batting: RHB Jeff Jacobs 0-0: Swinging Strike
0-1: Called Strike
0-2: Ball
1-2: Strikes out swinging
Batting: LHB Jesús Garza 0-0: Foul Ball, location: 2F
0-1: Ball
Passed Ball!
José Consiglio scores
José Rodríguez to second
1-1: Foul Ball, location: 5DF
1-2: Foul Ball, location: 7LDF
1-2: SINGLE (Line Drive, 3D, EV 99.4 MPH)
José Rodríguez to third
Runner from 3rd tries for Home, throw by RF and OUT! 9-2
Bottom of the 6th over - 1 run, 3 hits, 0 errors, 1 left on base; Toronto 0 - Cleveland 5
TOP OF THE 7TH
Toronto Blue Jays batting - Pitching for Cleveland Guardians : RHP Mario Medina
Batting: RHB José Gutiérrez 0-0: Called Strike
0-1: Foul Ball, location: 2F
0-2: Foul Ball, location: 2F
0-2: Ball
1-2: Fly out, F3 (Popup, 34, EV 68.8 MPH)
Batting: LHB Robby Mirkovic 0-0: Ball
1-0: Ball
2-0: Ball
3-0: Called Strike
3-1: Base on Balls
Batting: RHB Orestes Grado 0-0: Called Strike
0-1: Ball
1-1: Fly out, F8 (Flyball, 8RD, EV 96.9 MPH)
Batting: LHB Tony Hutchinson 0-0: SINGLE (Line Drive, 78S, EV 103.8 MPH)
Robby Mirkovic to second
Runner from 2nd tries for 3rd, SAFE, throw by LF made to third
Batting: SHB Joe Hall 0-0: Ball
1-0: SINGLE (Groundball, 34D, EV 98.8 MPH)
Robby Mirkovic scores
Tony Hutchinson to second
Runner from 2nd tries for 3rd, SAFE, throw by RF made to third
Batting: SHB José Mora 0-0: Ball
1-0: Called Strike
1-1: Ball
2-1: Foul Ball, location: 2F
2-2: Ball
3-2: Strikes out swinging
Top of the 7th over - 1 run, 2 hits, 0 errors, 2 left on base; Toronto 1 - Cleveland 5
BOTTOM OF THE 7TH
Cleveland Guardians batting - Pitching for Toronto Blue Jays : RHP Adrián Hernández
Batting: SHB Kevin Brackett 0-0: Called Strike
0-1: Foul Ball, location: 9LMF
0-2: SOLO HOME RUN (Flyball, 7D, EV 100.0 MPH), Distance : 374 ft
Batting: LHB Stan Walton 0-0: Ball
1-0: Ground out 4-3 (Groundball, 4, EV 85.0 MPH)
Pitching: RHP Mike Smith
Batting: RHB Jorge Velázquez 0-0: Ball
1-0: Ball
2-0: Fly out, F4 (Popup, 4S, EV 75.0 MPH)
Batting: LHB Juan Morales 0-0: Swinging Strike
0-1: Ball
1-1: Ball
2-1: Ball
3-1: SOLO HOME RUN (Flyball, 9D, EV 98.1 MPH), Distance : 386 ft
Batting: SHB Tim Webster 0-0: Swinging Strike
0-1: Ball
1-1: Swinging Strike
1-2: Strikes out swinging
Bottom of the 7th over - 2 runs, 2 hits, 0 errors, 0 left on base; Toronto 1 - Cleveland 7
TOP OF THE 8TH
Toronto Blue Jays batting - Pitching for Cleveland Guardians : RHP Mario Medina
Batting: RHB Joe Lindsay 0-0: Ball
1-0: Ground out 2-3 (Groundball, 2L, EV 76.3 MPH)
Batting: RHB Jeremy Baker 0-0: Ball
1-0: Foul Ball, location: 5FF
1-1: Ball
2-1: Swinging Strike
2-2: Ground out 6-3 (Groundball, 6, EV 87.5 MPH)
Batting: LHB Brad Hart 0-0: Foul Ball, location: 3SF
0-1: Ball
1-1: Ball
2-1: Fly out, F6 (Popup, 6M, EV 61.9 MPH)
Top of the 8th over - 0 runs, 0 hits, 0 errors, 0 left on base; Toronto 1 - Cleveland 7
BOTTOM OF THE 8TH
Cleveland Guardians batting - Pitching for Toronto Blue Jays : RHP Mike Smith
Batting: LHB José Consiglio 0-0: Called Strike
0-1: Called Strike
0-2: Ball
1-2: Foul Ball, location: 25FF
1-2: Ground out 5-3 (Groundball, 56S, EV 78.1 MPH)
Batting: RHB José Rodríguez 0-0: Called Strike
0-1: Fly out, F9 (Flyball, 9, EV 90.6 MPH)
Batting: RHB Jeff Jacobs 0-0: Called Strike
0-1: Ball
1-1: Foul Ball, location: 2F
1-2: Foul Ball, location: 23FF
1-2: Fly out, F9 (Flyball, 9D, EV 108.1 MPH)
Bottom of the 8th over - 0 runs, 0 hits, 0 errors, 0 left on base; Toronto 1 - Cleveland 7
TOP OF THE 9TH
Toronto Blue Jays batting - Pitching for Cleveland Guardians : RHP Mario Medina
Batting: RHB José Gutiérrez 0-0: Ball
1-0: Called Strike
1-1: Called Strike
1-2: Strikes out swinging
Batting: LHB Robby Mirkovic 0-0: Called Strike
0-1: Ball
1-1: Foul Ball, location: 5DF
1-2: Ground out 4-3 (Groundball, 4, EV 98.8 MPH)
Batting: RHB Orestes Grado 0-0: Ball
1-0: Ball
2-0: Foul Ball, location: 7LSF
2-1: Swinging Strike
2-2: Foul Ball, location: 3F
2-2: Foul Ball, location: 7LMFF
2-2: Strikes out swinging
Top of the 9th over - 0 runs, 0 hits, 0 errors, 0 left on base; Toronto 1 - Cleveland 7
Sunday, March 24th , 2024 - OOTP Baseball 24.10 Build 82